Map: Dusty Gorge

Players

Throwfordays

  • Race: Protoss Protoss
  • League: Silver
  • Spawn Location: 11:00

Faust

  • Race: Zerg Zerg
  • League: Diamond
  • Spawn Location: 9:00

Arandom - Winner!

  • Race: Terran Terran
  • Spawn Location: 3:00

Deadly - Winner!

  • Race: Terran Terran
  • League: Diamond
  • Spawn Location: 5:00

VOD

Have the link to the VOD?

Description

Time

  • Played on: Feb. 10, 2019, 12:32 a.m.
  • Length: 19:09
Show
View Real Time Build Order
Export as new Build Order

Throwfordays Protoss 

Build Orders:  

Get SALT Encoding   

  12  0:01  Probe  
  13  0:13  Probe  
  14  0:26  Pylon  
  14  0:32  Probe  
  15  0:44  Probe  
  15  0:49  Gateway  
  16  0:56  Probe  
  17  1:01  Gateway  
  17  1:08  Assimilator, Probe  
  18  1:20  Assimilator, Probe  
  19  1:32  Probe  
  19  1:39  Cybernetics Core  
  20  1:46  Probe  
  21  1:52  Warp Gate  
  21  1:58  Probe  
  22  2:08  Nexus  
  22  2:10  Probe  
  23  2:20  Pylon  
  23  2:38  Stalker x2  
  23  2:42  Pylon  
  27  2:57  Pylon  
  27  3:01  Stargate  
  27  3:09  Twilight Council  
  27  3:18  Probe  
  27  3:21  Probe  
  27  3:26  Probe  
  29  3:29  Probe  
  31  3:35  Probe  
  31  3:37  Probe  
  33  3:47  Probe  
  34  3:49  Probe  
  35  3:59  Probe  
  35  4:01  Probe  
  37  4:11  Resonating Glaives, Probe  
  37  4:13  Probe  
  39  4:18  Forge  
  39  4:21  Pylon  
  39  4:23  Probe  
  40  4:26  Protoss Ground Weapons Level 1, Pylon  
  40  4:33  Probe  
  40  4:35  Probe  
  40  4:38  Assimilator  
  42  4:40  Assimilator  
  42  4:45  Probe  
  42  4:47  Probe  
  44  4:56  Stalker  
  44  4:57  Stalker, Probe  
  44  4:59  Gateway, Probe  
  50  5:10  Probe  
  50  5:11  Probe  
  52  5:15  Gateway  
  52  5:22  Probe  
  53  5:31  Nexus  
  53  5:34  Assimilator  
  53  5:38  Assimilator  
  53  5:42  Blink  
  53  5:43  Robotics Facility  
  53  5:45  Robotics Facility  
  53  5:47  Stalker x2  
  57  6:06  Protoss Ground Weapons Level 2  
  57  6:08  Stalker  
  59  6:15  Nexus  
  59  6:17  Probe  
  60  6:29  Probe  
  60  6:31  Probe  
  62  6:33  Stalker  
  62  6:34  Stalker x3  
  62  6:37  Protoss Air Weapons Level 1  
  70  6:42  Probe  
  71  6:50  Probe  
  71  6:53  Probe  
  71  6:54  Probe  
  74  7:02  Probe  
  74  7:05  Probe  
  74  7:06  Probe  
  77  7:14  Probe  
  78  7:17  Pylon, Probe  
  78  7:21  Assimilator  
  79  7:24  Assimilator  
  79  7:26  Probe  
  79  7:29  Probe  
  81  7:38  Probe  
  81  7:41  Probe  
  83  7:50  Probe  
  84  7:54  Probe  
  84  7:58  Probe  
  86  8:00  Stalker x2  
  86  8:01  Stalker x2  
  86  8:02  Probe  
  95  8:06  Probe  
  95  8:09  Fleet Beacon  
  95  8:10  Probe  
  95  8:11  Stargate  
  95  8:12  Stargate  
  97  8:13  Stargate  
  97  8:14  Probe  
  97  8:15  Stargate  
  97  8:18  Probe  
  97  8:19  Pylon  
  99  8:22  Probe  
  99  8:26  Probe  
  101  8:30  Probe  
  101  8:33  Protoss Shields Level 1  
  102  8:34  Probe  
  102  8:36  Protoss Air Armor Level 1  
  102  8:38  Probe  
  104  8:42  Probe  
  104  8:46  Probe  
  106  8:54  Probe  
  107  8:57  Probe  
  107  9:00  Probe  
  109  9:06  Probe  
  111  9:10  Probe  
  111  9:11  Stalker  
  111  9:12  Stalker x2  
  111  9:13  Stalker, Probe  
  100  9:22  Stalker x2, Probe  
  91  9:25  Probe  
  91  9:26  Robotics Bay  
  88  9:32  Gateway  
  88  9:33  Immortal x2  
  96  9:49  Stalker  
  96  9:51  Stalker  
  83  10:04  Probe  
  84  10:14  Anion Pulse-Crystals  
  84  10:15  Colossus  
  89  10:23  Colossus, Stalker  
  89  10:24  Stalker  
  89  10:32  Probe  
  86  10:44  Probe  
  87  10:51  Pylon  
  87  10:53  Pylon, Extended Thermal Lance  
  87  10:55  Pylon  
  87  10:56  Probe  
  88  10:58  Pylon  
  88  11:01  Pylon  
  88  11:05  Stalker x2  
  88  11:08  Probe  
  93  11:15  Pylon, Stalker  
  93  11:17  Pylon  
  95  11:18  Pylon  
  95  11:20  Probe  
  80  11:52  Protoss Ground Weapons Level 3  
  80  11:59  Colossus  
  80  12:00  Colossus  
  92  12:01  Stalker x2  
  92  12:02  Stalker  
  98  12:27  Charge  
  98  12:29  Protoss Air Weapons Level 2  
  95  12:40  Robotics Facility  
  95  12:41  Robotics Facility  
  95  12:45  Stalker  
  95  12:46  Stalker x2  
  96  13:14  Stalker x3  
  102  13:21  Immortal x2  
  109  13:32  Photon Cannon  
  109  13:34  Photon Cannon  
  109  13:38  Photon Cannon  
  109  13:40  Photon Cannon  
  109  13:41  Immortal x2  
  117  13:44  Gravitic Boosters  
  117  13:56  Photon Cannon  
  117  14:00  Observer x2, Photon Cannon  
  119  14:02  Photon Cannon  
  105  14:33  Protoss Shields Level 2  
  105  14:39  Stalker x2  
  105  14:40  Stalker  
  111  14:50  Phoenix x4  
  119  14:53  Protoss Air Weapons Level 3  
  119  15:09  Pylon  
  119  15:11  Pylon  
  119  15:12  Pylon  
  119  15:15  Pylon, Phoenix x4  
  119  15:17  Pylon, Gravitic Drive  
  119  15:19  Pylon  
  119  15:21  Pylon  
  127  15:45  Immortal x4  
  141  16:24  Immortal x4  
  91  16:41  Stalker  
  91  16:42  Stalker x2  
  90  17:10  Adept x3  
Show
View Real Time Build Order
Export as new Build Order

Faust Zerg 

Build Orders: Pool First, Lurkers 

Get SALT Encoding   

  12  0:01  Drone  
  13  0:08  Drone  
  14  0:14  Extractor  
  14  0:16  Drone  
  15  0:23  Overlord  
  15  0:42  Drone x2  
  17  0:53  Extractor  
  17  0:55  Spawning Pool  
  15  0:59  Drone  
  15  1:01  Drone  
  17  1:21  Hatchery  
  17  1:24  Drone  
  17  1:32  Drone  
  18  1:36  Drone  
  19  1:45  Zergling x2  
  20  1:48  Queen  
  22  1:58  Metabolic Boost  
  22  2:06  Overlord  
  22  2:19  Baneling Nest  
  22  2:20  Drone  
  22  2:25  Overlord  
  22  2:35  Zergling x4  
  24  2:41  Queen  
  24  2:42  Drone  
  27  3:02  Zergling x2  
  27  3:03  Zergling x10  
  33  3:11  Overlord  
  33  3:12  Zergling x2  
  33  3:28  Zergling x6  
  33  3:29  Zergling x2  
  33  3:33  Baneling x4  
  37  3:34  Zergling x2  
  38  3:42  Baneling  
  35  4:23  Baneling x2  
  28  4:33  Drone  
  28  4:34  Drone x9  
  36  4:42  Lair  
  35  4:47  Roach Warren  
  34  4:53  Drone  
  34  4:57  Drone x2  
  34  4:58  Drone x2  
  39  5:17  Drone  
  40  5:23  Overlord x3  
  40  5:24  Drone  
  40  5:25  Drone x3  
  40  5:26  Extractor  
  43  5:40  Hatchery  
  41  5:43  Drone x3  
  41  5:46  Extractor  
  41  5:47  Drone x3  
  41  5:48  Extractor, Overlord  
  41  5:49  Drone  
  46  5:52  Glial Reconstitution  
  46  5:56  Hydralisk Den  
  45  6:04  Overseer  
  45  6:06  Pneumatized Carapace  
  45  6:09  Drone x2  
  47  6:24  Evolution Chamber  
  46  6:26  Evolution Chamber, Hydralisk x3  
  51  6:50  Drone x8  
  51  6:51  Drone  
  60  6:56  Zerg Missile Weapons Level 1  
  60  7:03  Zerg Ground Armor Level 1  
  60  7:06  Hydralisk x3  
  67  7:08  Zergling x2  
  67  7:09  Drone x2  
  67  7:10  Drone  
  67  7:13  Drone  
  67  7:14  Drone x3  
  74  7:30  Burrow  
  74  7:54  Extractor, Drone  
  74  7:55  Extractor  
  73  8:01  Queen, Overlord x5  
  73  8:02  Baneling Nest  
  73  8:03  Muscular Augments  
  74  8:06  Lurker Den  
  73  8:13  Drone  
  73  8:15  Overlord x3  
  74  8:31  Hydralisk x9  
  92  8:36  Overlord  
  92  8:37  Overlord x2  
  92  8:53  Drone x2  
  92  8:54  Drone x2  
  92  8:55  Drone  
  97  8:58  Overlord  
  97  9:04  Hatchery, Zerg Missile Weapons Level 2  
  97  9:05  Zerg Ground Armor Level 2  
  95  9:15  Grooved Spines  
  88  9:21  Hydralisk  
  88  9:22  Hydralisk x3  
  77  9:42  Lurker  
  77  9:43  Lurker x2  
  81  9:45  Drone  
  81  9:46  Drone x10  
  91  9:55  Spine Crawler  
  91  9:57  Drone x2, Spine Crawler  
  91  9:58  Drone  
  92  10:00  Spine Crawler  
  92  10:02  Spore Crawler  
  90  10:25  Drone x2  
  90  10:26  Drone x3  
  90  10:27  Drone x4  
  98  10:44  Zergling x8  
  93  11:00  Lurker x10  
  90  11:05  Baneling x2  
  64  11:43  Zergling x2  
  64  11:44  Zergling x16  
  58  11:51  Centrifical Hooks  
  58  11:55  Zerg Melee Weapons Level 1  
  58  11:59  Spire  
  57  12:15  Zergling x10  
  53  12:44  Infestation Pit  
  53  12:47  Hatchery  
  53  12:49  Drone x6  
  57  13:05  Tunneling Claws  
  57  13:13  Drone  
  57  13:14  Drone  
  57  13:15  Drone x3  
  62  13:20  Baneling x7  
  62  13:21  Baneling x4  
  62  13:37  Baneling x2  
  62  13:46  Zergling x2  
  62  13:47  Zergling x18  
  58  13:56  Zergling x2  
  58  14:01  Zerg Melee Weapons Level 2  
  58  14:03  Hive  
  57  14:23  Zergling x16  
  55  14:30  Drone  
  56  14:33  Hatchery  
  55  14:39  Drone x9  
  55  14:45  Overseer  
  57  15:16  Baneling x2  
  57  15:17  Baneling x2  
  57  15:22  Hatchery  
  57  15:25  Ultralisk Cavern  
  57  15:27  Zerg Ground Armor Level 3  
  55  15:29  Adrenal Glands  
  55  15:42  Extractor  
  54  15:48  Overlord  
  54  15:58  Zergling x20  
  54  15:59  Zergling x14  
  46  16:27  Zergling x2  
  46  16:28  Zergling x14  
  30  17:10  Zergling x12  
  36  17:20  Drone x2  
  36  17:35  Drone x3  
  38  18:00  Ultralisk x3  
  38  18:01  Ultralisk x4  
  38  18:02  Zergling x10  
  38  18:05  Drone x5  
  90  18:06  Drone x3  
  90  18:08  Drone x6  
  90  18:11  Ultralisk  
Show
View Real Time Build Order
Export as new Build Order

Arandom Terran - Winner!

Build Orders:  

Get SALT Encoding   

  12  0:01  SCV  
  13  0:14  SCV  
  14  0:19  Supply Depot  
  14  0:26  SCV  
  15  0:41  SCV  
  16  0:50  Barracks  
  16  0:53  SCV  
  17  1:08  SCV  
  18  1:12  Refinery  
  18  1:23  SCV  
  19  1:35  SCV, Command Center  
  20  1:50  Bunker  
  20  1:55  Marine  
  20  1:57  SCV  
  22  2:11  SCV  
  23  2:26  Supply Depot  
  23  2:46  Marine  
  24  2:59  Barracks  
  24  3:04  Marine  
  25  3:14  Engineering Bay  
  25  3:20  SCV x2  
  27  3:29  Refinery  
  27  3:32  SCV x2  
  29  3:44  SCV  
  30  3:49  Factory  
  30  3:57  Supply Depot  
  30  4:17  Barracks Tech Lab  
  30  4:20  Barracks Reactor  
  30  4:21  Supply Depot  
  30  4:45  Supply Depot  
  30  4:47  Marauder  
  30  4:51  Factory Tech Lab  
  32  4:55  Refinery  
  32  4:57  SCV x2  
  34  5:09  SCV x2, Marauder  
  34  5:10  Marine x2  
  40  5:21  SCV  
  40  5:28  Marine x2  
  43  5:30  Marauder  
  43  5:31  Missile Turret  
  45  5:38  Missile Turret x3  
  45  5:40  Planetary Fortress  
  45  5:42  Orbital Command  
  45  5:45  Marine, Hi-Sec Auto Tracking  
  45  5:46  Marine  
  47  5:52  Marauder, Missile Turret  
  49  5:57  Missile Turret  
  49  6:02  Missile Turret  
  49  6:14  Marine x2, Marauder  
  49  6:17  Siege Tank  
  56  6:25  Supply Depot  
  56  6:26  Supply Depot  
  56  6:28  Supply Depot  
  56  6:30  SCV  
  56  6:31  Marine  
  56  6:32  Marine  
  59  6:33  SCV  
  59  6:35  Marauder  
  62  6:42  SCV  
  62  6:45  SCV  
  64  6:49  Siege Tank  
  64  6:53  Missile Turret  
  67  6:54  SCV  
  67  6:56  Marauder  
  67  6:57  SCV  
  71  7:06  SCV  
  72  7:09  SCV  
  72  7:10  Marine  
  72  7:11  Marine  
  75  7:18  Marauder  
  75  7:20  Starport  
  77  7:28  Marine x2, Starport  
  79  7:39  Marauder  
  79  7:40  Armory  
  81  7:46  Marine  
  81  7:47  Siege Tank  
  85  7:59  Supply Depot  
  85  8:00  Terran Infantry Weapons Level 1  
  85  8:17  Starport Reactor  
  85  8:19  Siege Tank  
  88  8:20  Starport Reactor  
  88  8:22  Supply Depot  
  88  8:26  Stimpack  
  88  8:44  Command Center  
  88  8:46  Supply Depot  
  88  9:07  Refinery  
  83  9:26  Medivac x2  
  83  9:27  Medivac x2  
  91  10:13  Missile Turret  
  91  10:16  SCV x2  
  91  10:18  Planetary Fortress  
  93  10:31  Marine x2, Marauder  
  93  10:34  Siege Tank, Missile Turret  
  93  10:35  Medivac x3  
  106  10:47  Supply Depot  
  106  10:48  Supply Depot  
  106  10:49  Marine x2  
  108  10:52  Marauder  
  108  10:55  Missile Turret  
  109  11:06  Marine, Siege Tank  
  109  11:07  Marine  
  114  11:14  Marauder  
  116  11:20  SCV x3  
  119  11:32  SCV x3  
  117  11:44  SCV x3  
  96  11:59  Marine, Marauder  
  96  12:00  Marine  
  94  12:04  Siege Tank  
  97  12:09  Medivac x3  
  103  12:17  Marine x2  
  103  12:21  Marauder  
  107  12:25  Refinery  
  107  12:27  Refinery  
  107  12:35  Marine x2, Command Center  
  107  12:36  Siege Tank  
  112  12:42  Marauder  
  114  12:46  Command Center  
  114  12:52  SCV x3  
  114  12:53  Marine x2  
  119  13:03  Marine  
  119  13:04  SCV x3  
  123  13:08  Siege Tank  
  126  13:13  Missile Turret x2  
  126  13:14  Missile Turret  
  126  13:15  Missile Turret  
  126  13:16  Terran Infantry Armor Level 1, SCV x3, Missile Turret  
  129  13:21  Marine  
  130  13:28  SCV x3  
  133  13:35  Marine x2  
  133  13:36  Missile Turret  
  133  13:38  Missile Turret  
  133  13:39  Marauder  
  133  13:40  SCV, Siege Tank  
  141  13:53  Marine x2  
  143  13:58  Planetary Fortress  
  143  14:01  Marauder  
  145  14:09  Missile Turret  
  145  14:11  Planetary Fortress  
  145  14:15  SCV x3  
  148  14:22  Marauder  
  147  14:27  SCV  
  148  14:40  SCV x3  
  148  14:41  SCV  
  148  14:43  Marauder  
  154  14:49  Missile Turret  
  154  14:52  SCV x2  
  156  14:53  SCV x2  
  158  15:00  Refinery  
  158  15:04  SCV x2  
  158  15:05  Refinery, SCV x2  
  158  15:06  SCV  
  163  15:09  Terran Infantry Weapons Level 2, Marauder, Missile Turret  
  163  15:10  Marine x2  
  163  15:12  Medivac x2  
  171  15:14  Siege Tank  
  171  15:16  SCV  
  171  15:17  SCV x3  
  171  15:18  SCV, Terran Vehicle And Ship Armor Level 1  
  179  15:29  Refinery x2  
  179  15:30  Missile Turret  
  179  15:53  Barracks, Missile Turret  
  179  15:54  Barracks  
  179  16:15  Marine x2, SCV  
  179  16:16  Siege Tank, Missile Turret  
  179  16:17  Marauder  
  130  16:32  Marine  
  130  16:33  Marine  
  130  16:38  Marauder  
  130  16:39  Missile Turret  
  134  16:42  Barracks  
  136  16:48  Barracks Reactor, Siege Tank  
  136  16:50  Marine x2  
  136  16:52  Barracks Reactor  
  136  16:59  Missile Turret  
  136  17:00  Marauder  
  135  17:01  SCV  
  135  17:02  SCV x4  
  135  17:08  Marine x2  
  140  17:11  Supply Depot  
  140  17:12  Supply Depot, Terran Ship Weapons Level 1  
  140  17:13  Supply Depot x2  
  140  17:14  SCV x2  
  144  17:20  Siege Tank  
  144  17:21  Marauder  
  149  17:26  Marine x2  
  149  17:36  Barracks Reactor  
  149  17:40  Marine x2  
  149  17:41  Marine x2  
  149  17:42  Marauder  
  149  17:44  Marine x2  
  155  17:49  Viking x3  
  155  17:50  Medivac  
  162  17:53  Siege Tank  
  165  17:58  Marine x3  
  165  17:59  Marine, SCV x5  
  165  18:01  Marine  
  165  18:02  Marine  
  165  18:03  Marine  
  177  18:11  SCV x3  
  180  18:16  Marine x4  
  180  18:19  Marine x2, Medivac x3  
  155  18:20  Viking  
  191  18:22  Marauder  
  191  18:25  Siege Tank  
  199  18:34  Marine  
Show
View Real Time Build Order
Export as new Build Order

Deadly Terran - Winner!

Build Orders:  

Get SALT Encoding   

  12  0:01  SCV  
  13  0:13  SCV  
  14  0:19  Supply Depot  
  14  0:25  SCV  
  15  0:40  SCV  
  16  0:43  Barracks  
  16  0:46  Refinery  
  16  0:53  SCV  
  17  1:05  SCV  
  18  1:17  SCV  
  19  1:30  Orbital Command  
  19  1:31  Marine  
  20  1:49  Command Center  
  20  1:56  Marine  
  20  1:57  SCV  
  22  2:09  SCV  
  22  2:11  Supply Depot  
  23  2:22  Factory  
  23  2:31  Marine  
  23  2:33  SCV  
  24  2:41  Barracks  
  24  2:43  Refinery  
  24  2:48  SCV  
  25  2:54  Barracks Tech Lab  
  25  3:01  SCV  
  25  3:05  SCV  
  27  3:11  Starport  
  27  3:13  SCV  
  28  3:20  Marine  
  28  3:26  SCV  
  29  3:32  Orbital Command  
  27  3:39  Marine  
  27  3:40  Marine, Bunker  
  28  3:50  Hellion  
  30  3:56  Bunker  
  30  3:57  SCV  
  30  3:59  Marine  
  30  4:01  Medivac  
  33  4:04  SCV  
  32  4:11  Marine  
  32  4:14  Hellion  
  32  4:16  SCV  
  30  4:28  SCV x2  
  30  4:29  Marine  
  29  4:37  Hellion  
  30  4:40  SCV  
  30  4:45  Barracks Tech Lab  
  30  4:54  Supply Depot  
  30  4:56  Supply Depot  
  30  5:15  Marine, SCV x2  
  30  5:16  Hellion  
  35  5:28  SCV x2  
  37  5:29  Viking, Stimpack  
  37  5:32  Supply Depot  
  39  5:40  Marine, SCV x2  
  39  5:42  Barracks Reactor  
  42  5:44  Hellion  
  42  5:48  Supply Depot  
  44  5:50  Supply Depot  
  44  5:52  SCV x2  
  46  6:00  Barracks  
  48  6:04  SCV x2  
  48  6:08  Marine  
  49  6:16  SCV x2  
  51  6:18  Marine  
  51  6:19  Marine  
  51  6:21  Barracks, Starport Reactor  
  53  6:26  Refinery  
  53  6:27  Refinery  
  53  6:28  SCV x2  
  55  6:40  SCV x2  
  55  6:41  Marine x3  
  60  6:50  Supply Depot  
  60  6:52  SCV, Engineering Bay  
  61  6:59  Marine x2  
  63  7:03  Marine  
  63  7:04  Barracks Reactor  
  63  7:06  Medivac x2  
  63  7:08  SCV  
  69  7:12  Combat Shield  
  69  7:14  SCV  
  69  7:15  Factory Tech Lab  
  70  7:17  Barracks Reactor  
  70  7:19  Supply Depot  
  70  7:22  Supply Depot, Terran Infantry Weapons Level 1  
  70  7:26  Engineering Bay  
  70  7:32  SCV x2  
  70  7:34  Supply Depot  
  70  7:36  Supply Depot  
  70  7:46  Barracks  
  70  7:47  Siege Tank  
  70  7:48  Marine x2  
  70  7:49  Marine  
  76  7:52  SCV  
  76  7:53  SCV  
  78  8:05  Marauder  
  80  8:06  Terran Infantry Armor Level 1  
  80  8:09  Armory  
  80  8:15  Marine x6  
  86  8:23  SCV x2  
  85  8:37  Concussive Shells  
  85  8:39  Marine x2  
  85  8:40  Marine x6  
  93  8:49  Supply Depot  
  93  8:57  Marine x2  
  93  8:58  Command Center  
  95  9:09  Marine x3, SCV  
  98  9:10  Marine x2  
  98  9:13  Marine  
  98  9:15  Marine x2  
  84  9:27  Marine x4  
  84  9:28  Marine  
  84  9:31  Marine  
  88  9:34  Marine x2  
  90  9:44  Terran Infantry Weapons Level 2  
  90  9:45  Marine x2  
  92  9:53  Marine, Barracks Tech Lab  
  92  9:55  Terran Vehicle Weapons Level 1  
  92  9:56  Medivac x2  
  97  10:01  Marine x4  
  97  10:03  Marine x2  
  97  10:05  SCV x2  
  105  10:13  Marine  
  105  10:14  Marine  
  107  10:17  SCV  
  107  10:19  Marine x2  
  107  10:20  Marine x2  
  112  10:24  Marine x2  
  114  10:31  Marine x2  
  110  10:36  Planetary Fortress  
  110  10:37  Marine x2  
  110  10:38  SCV  
  110  10:39  SCV, Missile Turret  
  114  10:46  Terran Infantry Armor Level 2  
  112  10:55  Marine  
  112  10:56  Marine x5  
  116  10:57  Marine  
  115  11:04  Marine  
  115  11:08  SCV x2  
  118  11:12  Refinery  
  118  11:13  Marine  
  118  11:14  Marine  
  118  11:15  Starport Tech Lab  
  118  11:18  Missile Turret  
  120  11:20  Refinery  
  120  11:30  Supply Depot x2  
  120  11:37  Marine  
  120  11:38  Marine x3, Marauder x2  
  120  11:39  Marine x2  
  87  11:51  Raven  
  85  11:55  Marine x2  
  85  11:56  Marine x2  
  85  11:57  Marine x2  
  85  11:59  Marine  
  85  12:00  Marauder  
  94  12:03  Barracks  
  94  12:06  Terran Infantry Weapons Level 3  
  94  12:13  Marine x3  
  94  12:14  Marine  
  94  12:15  Marine x2  
  100  12:18  Marauder  
  100  12:20  Marine  
  103  12:31  Marine x2  
  105  12:39  Marine x6  
  111  12:49  Marine x2  
  111  12:50  Command Center  
  108  12:57  Marine x4  
  108  12:58  Marauder x2  
  109  13:06  Marine  
  109  13:07  Marine  
  109  13:09  Terran Infantry Armor Level 3  
  111  13:14  Marine  
  111  13:15  Marine x3  
  111  13:18  Marauder  
  117  13:22  Viking x2  
  117  13:23  Marauder  
  117  13:26  Supply Depot  
  123  13:32  Marine x4  
  123  13:33  Marine  
  128  13:36  Terran Ship Weapons Level 1  
  128  13:48  Marine x3  
  116  13:49  Marine  
  116  13:50  Marine  
  119  14:06  Planetary Fortress  
  119  14:08  Missile Turret  
  119  14:09  SCV x2  
  122  14:10  SCV  
  122  14:12  Viking x2  
  122  14:21  SCV  
  84  14:42  Viking x2  
  88  14:48  Marine  
  88  14:49  Marine x7  
  96  14:56  Ghost Academy  
  96  14:57  Marine  
  96  14:58  Command Center  
  97  15:01  Supply Depot  
  97  15:06  Marine  
  97  15:07  Marine x7  
  105  15:15  Marine, Missile Turret  
  105  15:20  Viking x2  
  110  15:24  Marine x3  
  110  15:25  Marauder  
  110  15:28  Marine x3  
  116  15:29  Marauder  
  116  15:33  Marauder  
  122  15:36  Personal Cloaking  
  122  15:39  Supply Depot  
  122  15:45  Barracks  
  122  15:51  Marine  
  122  15:52  Marine x7  
  122  15:54  Marine  
  122  15:55  Viking  
  122  15:56  Viking  
  135  15:57  Terran Ship Weapons Level 2  
  135  16:02  Supply Depot  
  134  16:09  Marine x6  
  134  16:10  Marine x2  
  142  16:12  Marine  
  134  16:27  Marine x6  
  134  16:28  Marauder x2  
  134  16:30  Marauder  
  127  16:44  Marine  
  127  16:45  Marine x5  
  127  16:49  Marauder x2  
  127  16:52  Marauder  
  125  17:02  Marine  
  125  17:03  Marine x4  
  124  17:11  Marauder x2  
  124  17:12  Planetary Fortress  
  124  17:13  Marauder  
  129  17:20  Marine x2  
  129  17:21  Marine x4  
  134  17:32  Medivac x2, Marauder x2  
  134  17:35  Marauder  
  139  17:37  Marine  
  139  17:38  Marine  
  139  17:39  Marine x4  
  144  17:54  Marauder x2  
  144  17:55  Marine  
  144  17:56  Marine x5, Marauder  
  154  18:13  Marine  
  154  18:14  Marine x7  
  154  18:17  Marine  
  163  18:20  Medivac x2  
  163  18:21  Barracks Reactor  
  167  18:31  Marine x2  
  167  18:32  Marine x6  
  175  18:35  Marine  
  168  18:49  Marine x2  
  168  18:50  Marine x6  
Tags
 
Add a new tag
Caveats
  • Supply blocks, unpowered buildings, or Contaminate may cause inaccurate times.
  • Supply counts are checked every 10 seconds.